 Dungeon Crawl Stone Soup version 0.18.1-6-gd335043 (webtiles) character file.

14090 Gargoyl the Protected (level 11, -2/80 HPs)
             Began as a Demonspawn Abyssal Knight on May 19, 2016.
             Was the Champion of Lugonu.
             Slain by a salamander mystic
             ... wielding a +0 quarterstaff
              (15 damage)
             ... in a volcano.
             The game lasted 00:38:37 (11623 turns).

Gargoyl the Protected (Demonspawn Abyssal Knight)  Turns: 11623, Time: 00:38:38

Health: -2/80      AC: 32    Str: 16    XL:     11   Next: 84%
Magic:  12/12      EV:  7    Int: 20    God:    Lugonu [******]
Gold:   506        SH:  3    Dex: 14    Spells: 0 memorised, 10 levels left

rFire  . . .     SeeInvis .     a - +4 battleaxe (elec)
rCold  . . .     Gourm    .     g - +0 plate armour
rNeg   . . .     Faith    .     (shield currently unavailable)
rPois  .         Spirit   .     (helmet restricted)
rElec  .         Dismiss  .     r - +2 cloak
rCorr  .         Reflect  +     H - +1 pair of gloves {Dex+3}
SustAt .         Harm     .     y - +0 pair of boots
MR     .....     Clarity  +     A - +3 amulet of reflection
Stlth  ..........               o - +3 ring of intelligence
                                d - +3 ring of intelligence

@: not resistant to hostile enchantments, extremely unstealthy
A: antennae 1, rough black scales 3, agile 1, clarity, demonic guardian 1, frail
1, mutation resistance 1, powered by death 2, wild magic 1
a: Depart the Abyss, Bend Space, Banish, Corrupt, Enter the Abyss, Brand Weapon
With Distortion, Renounce Religion


You were in a volcano.
You worshipped Lugonu.
Lugonu was exalted by your worship.
You were not hungry.

You visited 2 branches of the dungeon, and saw 13 of its levels.
You visited the Abyss 1 time.
You also visited: Ossuary and Volcano.

You collected 813 gold pieces.
You spent 307 gold pieces at shops.

Inventory:

Hand Weapons
 a - a +4 battleaxe of electrocution (weapon)
 x - a +3 war axe of electrocution
 M - a +0 dire flail
 T - the +5 trident of Zaseptex {pierce, Dex+4}
   (You found it on level 9 of the Dungeon)

   It inflicts extra damage upon your enemies.
   It affects your dexterity (+4).
Missiles
 D - 10 tomahawks (quivered)
 O - 2 tomahawks of returning
Armour
 g - a +0 plate armour (worn)
 r - a +2 cloak (worn)
 y - a +0 pair of boots (worn)
 H - a +1 pair of gloves of dexterity (worn)
Jewellery
 d - a +3 ring of intelligence (left hand)
 e - an uncursed amulet of rage
 o - a +3 ring of intelligence (right hand)
 A - a +3 amulet of reflection (around neck)
Wands
 z - a wand of enslavement (15/24)
 E - a wand of flame (36/48)
 F - a wand of confusion (34/48)
 J - a wand of random effects (25/48)
 L - a wand of disintegration (9/24)
 Q - a wand of enslavement (4/24)
 R - a wand of random effects (28/48)
 V - a wand of enslavement (13/24)
Scrolls
 h - 4 scrolls of remove curse
 m - 3 scrolls of magic mapping
 n - 7 scrolls of teleportation
 q - 3 scrolls of amnesia
 N - 2 scrolls of blinking
Potions
 k - 3 potions of curing
 l - a potion of cancellation
 p - 2 potions of flight
 u - 3 potions of agility
 v - 2 potions of invisibility
 w - 2 potions of resistance {unknown}
 B - 2 potions of haste
 S - a potion of magic {unknown}
 U - 2 potions of heal wounds {unknown}
Books
 j - a book of Dreams

   Spells                             Type                      Level
   a - Ensorcelled Hibernation        Hexes/Ice                    2
   b - Silence                        Hexes/Air                    5
   c - Darkness                       Hexes                        6
   d - Shadow Creatures               Summoning                    6
 t - a book of Unlife

   Spells                             Type                      Level
   a - Recall                         Summoning/Translocation      3
   b - Animate Dead                   Necromancy                   4
   c - Control Undead                 Necromancy                   4
   d - Cigotuvi's Embrace             Necromancy                   5
   e - Death Channel                  Necromancy                   6
   f - Simulacrum                     Ice/Necromancy               6
 C - the Collected Works on the Escort and Air
   (You found it on level 6 of the Dungeon)

   Spells                             Type                      Level
   a - Summon Ice Beast               Ice/Summoning                4
   b - Lightning Bolt                 Conjuration/Air              5
   c - Summon Mana Viper              Hexes/Summoning              5
   d - Deflect Missiles               Charms/Air                   6
 G - a Young Poisoner's Handbook

   Spells                             Type                      Level
   a - Sting                          Conjuration/Poison           1
   b - Cure Poison                    Poison                       2
   c - Mephitic Cloud                 Conjuration/Poison/Air       3
   d - Olgreb's Toxic Radiance        Poison                       4
   e - Venom Bolt                     Conjuration/Poison           5
 I - a book of Enchantments

   Spells                             Type                      Level
   a - Cause Fear                     Hexes                        4
   b - Yara's Violent Unravelling     Hexes/Transmutation          5
   c - Silence                        Hexes/Air                    5
   d - Deflect Missiles               Charms/Air                   6
   e - Haste                          Charms                       6
   f - Discord                        Hexes                        8
Miscellaneous
 f - an ornate deck of war {the Rangers}
Comestibles
 b - 4 slices of pizza
 c - 9 bread rations
 i - 9 meat rations
 s - 3 royal jellies
 K - 13 fruits
 P - a beef jerky


   Skills:
 + Level 9.6 Fighting
 + Level 10.5(10.6) Axes
 + Level 0.5(6.7) Maces & Flails
 + Level 1.0 Throwing
 * Level 10.9 Armour
 + Level 3.6 Dodging
 + Level 2.1 Stealth
 + Level 2.5 Invocations


You had 10 spell levels left.
You didn't know any spells.

Dungeon Overview and Level Annotations

Branches:
Dungeon (10/15)            Temple (0/1) D:4            Lair (3/8) D:10
  Snake (0/4) Lair:3
  Swamp: Lair:3-6    Shoals: Lair:3-6       Orc: D:9-12

Altars:
Ashenzari
Fedhas
Gozag
Makhleb
Nemelex Xobeh
Ru
Sif Muna
Zin

Shops:
D:5 [*   D:9 [


Innate Abilities, Weirdness & Mutations

You are completely covered in rough black scales (AC +10, Dex -3).
A weak demonic guardian rushes to your aid.
You regenerate health from kills.
You have a pair of small antennae on your head.
You are agile. (Dex +2)
You possess an exceptional clarity of mind.
You are frail (-10% HP).
You are somewhat resistant to further mutation.
Your spells are a little harder to cast, but a little more powerful.


Message History

The salamander mystic points at something and mumbles some strange words.
A salamander comes into view. It is wielding a glaive.
Unknown command.
You slash the salamander mystic!
The salamander mystic is almost dead.
The salamander hits you from afar with a glaive.
You are engulfed in flames!
You block the salamander mystic's attack.
A salamander comes into view. It is wielding a halberd.
Unknown command.
You hit the salamander mystic but do no damage.
The salamander mystic is almost dead.
The salamander hits you from afar with a glaive.
* * * LOW HITPOINT WARNING * * *
You are engulfed in flames!
* * * LOW HITPOINT WARNING * * *
The salamander mystic hits you with a quarterstaff.
* * * LOW HITPOINT WARNING * * *
You are engulfed in flames!
You die...

#...§§....
##...§§≈≈≈≈
##.§.≈≈≈≈≈≈≈
###...§§≈≈≈≈≈≈
#....§≈§§§≈≈≈§
##..§≈≈§§§≈≈≈≈
####....≈§§§§≈≈≈≈
##......§.§≈§§§≈≈≈
#@.#####....§§§..§
#.N.# ###########
#N≈§§§ # $5N≈§§≈§#
.[)§§≈§§§# ##
#≈!)=§≈§§≈## #.
≈§≈≈≈§§§### #≈
≈≈≈§≈§## ## #


You could see a salamander mystic, 2 salamanders and a friendly crimson imp.

Vanquished Creatures
  A hydra (Lair:1)
  A hill giant (D:10)
  4 salamanders (Volcano)
  Maurice (D:10)
  2 black mambas
  A spiny frog (Lair:1)
  Psyche (D:8)
  A komodo dragon (Lair:2)
  A troll (D:9)
  5 polar bears (D:9)
  Prince Ribbit (D:7)
  A basilisk (Lair:2)
  16 yaks
  A hippogriff (Lair:1)
  Eustachio (D:5)
  A warg (D:10)
  3 water moccasins
  2 hell hounds (Lair:3)
  5 porcupines
  3 ice beasts
  2 necrophages (D:7)
  An orc warrior (D:10)
  2 ogres
  A wolf (D:9)
  2 centaurs
  A crocodile (Lair:1)
  A big kobold (D:10)
  4 elf zombies (Ossuary)
  Blork the orc (D:5)
  7 giant frogs
  A gnoll sergeant (D:6)
  2 water moccasin zombies
  A wyvern zombie (D:6)
  3 scorpions
  A water moccasin skeleton (D:5)
  6 killer bees
  6 wights
  An electric eel (D:9)
  2 crimson imps
  A giant frog zombie (D:8)
  A centaur zombie (D:6)
  2 human zombies (Ossuary)
  2 jellies
  A giant frog skeleton (D:7)
  An orc priest (D:9)
  Crazy Yiuf (D:7)
  6 hounds
  5 iguanas
  Natasha (D:3)
  6 orc wizards
  3 worker ants
  6 sheep (Lair:2)
  A big kobold zombie (Ossuary)
  2 giant frog simulacra (D:9)
  A centaur simulacrum (D:9)
  2 hound zombies
  3 mummies (Ossuary)
  4 hound skeletons
  A worker ant zombie (D:6)
  11 gnolls
  30 river rats
  9 adders
  A hound simulacrum (D:9)
  2 shadow imps
  2 white imps (D:9)
  A howler monkey simulacrum (D:9)
  2 worker ant simulacra (D:9)
  An ufetubus (D:9)
  3 oozes
  2 adder zombies (Ossuary)
  4 worms
  3 dart slugs (D:2)
  2 adder simulacra (D:9)
  3 giant geckos
  16 orcs
  A ball python (D:3)
  5 bats
  7 giant cockroaches
  2 gnoll zombies (Ossuary)
  9 goblins
  6 hobgoblins
  8 kobolds
  5 quokkas
  2 giant gecko simulacra (D:9)
  5 giant newts
  6 goblin zombies (Ossuary)
  2 hobgoblin zombies (Ossuary)
  4 jackal zombies (Ossuary)
  3 kobold zombies (Ossuary)
  An orc zombie (Ossuary)
  2 quokka zombies (Ossuary)
  2 rats
  3 rat zombies (Ossuary)
  A bush (D:10)
  A fungus (Lair:2)
314 creatures vanquished.

Vanquished Creatures (collateral kills)
  Menkaure (D:4)
  A warg (D:10)
  A centaur (D:8)
  A wight (D:6)
  A giant frog zombie (D:9)
  2 gnolls (D:4)
  An orc (D:10)
  2 hobgoblin zombies (Ossuary)
  A jackal zombie (Ossuary)
11 creatures vanquished.

Grand Total: 325 creatures vanquished

Notes
Turn   | Place    | Note
--------------------------------------------------------------
     0 | Abyss:1  | Gargoyl the Demonspawn Abyssal Knight began the quest for the Orb.
     0 | Abyss:1  | Reached XP level 1. HP: 18/18 MP: 2/2
    40 | Abyss:1  | Noticed a red very ugly thing
    40 | Abyss:1  | Noticed a red very ugly thing
    40 | Abyss:1  | Noticed a red very ugly thing
    40 | Abyss:1  | Noticed a red very ugly thing
    62 | Abyss:1  | Noticed a rakshasa
    67 | Abyss:1  | Noticed a quasit
    74 | D:1      | Escaped the Abyss
   132 | D:1      | Reached skill level 1 in Dodging
   374 | D:1      | Reached * piety under Lugonu
   374 | D:1      | Gained mutation: A weak demonic guardian rushes to your aid. [demonic ancestry]
   374 | D:1      | Reached XP level 2. HP: 19/24 MP: 3/3
   654 | D:1      | Gained mutation: You are partially covered in rough black scales (AC +4, Dex -1). [demonic ancestry]
   654 | D:1      | Reached XP level 3. HP: 28/29 MP: 4/4
  1464 | D:2      | Gained mutation: You regenerate a little health from kills. [demonic ancestry]
  1464 | D:2      | Reached XP level 4. HP: 4/37 MP: 5/5
  1885 | D:2      | Reached ** piety under Lugonu
  2668 | D:3      | Gained mutation: You are mostly covered in rough black scales (AC +7, Dex -2). [demonic ancestry]
  2668 | D:3      | Reached XP level 5. HP: 40/42 MP: 6/6
  3045 | D:3      | Noticed Natasha
  3057 | D:3      | Killed Natasha
  3365 | D:4      | Found a staircase to the Ecumenical Temple.
  3477 | D:4      | Found a shattered altar of Ashenzari.
  3494 | D:4      | Found a burning altar of Makhleb.
  3850 | D:4      | Noticed Menkaure
  3861 | D:4      | Killed Menkaure
  3861 | D:4      | Reached XP level 6. HP: 28/48 MP: 7/7
  3930 | D:5      | Entered Level 5 of the Dungeon
  3945 | D:5      | Found an opulent altar of Gozag.
  3945 | D:5      | Found Gozag's Platinum Reserve.
  3952 | D:5      | Noticed an ice beast
  3961 | D:5      | Killed an ice beast
  4022 | D:5      | Found a sand-covered staircase.
  4030 | Ossuary  | Entered an ossuary
  4064 | Ossuary  | Reached *** piety under Lugonu
  4089 | Ossuary  | Reached XP level 7. HP: 55/55 MP: 8/8
  4132 | Ossuary  | Reached skill level 5 in Armour
  4282 | Ossuary  | Reached skill level 5 in Fighting
  4323 | Ossuary  | Reached **** piety under Lugonu
  4485 | D:5      | Noticed Eustachio
  4497 | D:5      | Killed Eustachio
  4497 | D:5      | Reached XP level 8. HP: 52/62 MP: 9/9
  4515 | D:5      | Found Gagyziss's Antique Armour Emporium.
  4528 | D:5      | Bought a pair of boots for 135 gold pieces
  4736 | D:5      | Reached skill level 1 in Stealth
  4822 | D:5      | Noticed Blork the orc
  4829 | D:5      | Killed Blork the orc
  4829 | D:5      | Reached skill level 5 in Axes
  5249 | D:6      | Identified the Collected Works on the Escort and Air
  5470 | D:6      | Found a deep blue altar of Sif Muna.
  5844 | D:7      | Noticed Crazy Yiuf
  5848 | D:7      | Killed Crazy Yiuf
  6256 | D:7      | Noticed Prince Ribbit
  6266 | D:7      | Killed Prince Ribbit
  6266 | D:7      | Gained mutation: You are completely covered in rough black scales (AC +10, Dex -3). [demonic ancestry]
  6266 | D:7      | Reached XP level 9. HP: 64/71 MP: 10/10
  6364 | D:8      | Reached ***** piety under Lugonu
  6514 | D:8      | Found a glowing silver altar of Zin.
  6514 | D:8      | Found an opulent altar of Gozag.
  6631 | D:8      | Found a blossoming altar of Fedhas.
  6779 | D:8      | Noticed Psyche
  6794 | D:8      | Killed Psyche
  6968 | D:8      | Found a sparkling altar of Nemelex Xobeh.
  7315 | D:9      | Found Qyble's Armour Shop.
  7332 | D:9      | Bought a +0 pair of gloves of dexterity for 172 gold pieces
  7407 | D:9      | Noticed a polar bear
  7414 | D:9      | Killed a polar bear
  7505 | D:9      | Noticed a polar bear
  7514 | D:9      | Killed a polar bear
  7514 | D:9      | Reached XP level 10. HP: 58/79 MP: 11/11
  7562 | D:9      | Found a sacrificial altar of Ru.
  7672 | D:9      | Got a transparent trident
  8346 | D:9      | Gained mutation: You are frail (-10% HP). [potion of mutation]
  8346 | D:9      | Gained mutation: You have a pair of small antennae on your head. [potion of mutation]
  8346 | D:9      | Gained mutation: Your spells are a little harder to cast, but a little more powerful. [potion of mutation]
  8347 | D:9      | Gained mutation: You possess an exceptional clarity of mind. [potion of mutation]
  8347 | D:9      | Gained mutation: You are agile. (Dex +2) [potion of mutation]
  8347 | D:9      | Gained mutation: You are somewhat resistant to further mutation. [potion of mutation]
  8382 | D:10     | Entered Level 10 of the Dungeon
  8383 | D:10     | Found a staircase to the Lair.
  8492 | D:10     | Noticed a hill giant
  8502 | D:10     | Killed a hill giant
  8629 | D:10     | Noticed Maurice
  8636 | D:10     | Killed Maurice
  9087 | D:10     | Reached skill level 1 in Throwing
  9180 | Lair:1   | Entered Level 1 of the Lair of Beasts
  9504 | Lair:1   | Reached ****** piety under Lugonu
  9507 | Lair:1   | Gained mutation: You regenerate health from kills. [demonic ancestry]
  9507 | Lair:1   | Reached XP level 11. HP: 71/77 MP: 12/12
  9529 | Lair:1   | Reached skill level 10 in Armour
  9632 | Lair:1   | Noticed an eight-headed hydra
  9644 | Lair:1   | Killed an eight-headed hydra
  9649 | Lair:1   | Identified the +5 trident of Zaseptex {pierce, Dex+4} (You found it on level 9 of the Dungeon)
 10406 | Lair:2   | Reached skill level 10 in Axes
 11250 | Lair:3   | Found a dark tunnel.
 11287 | Volcano  | Entered a volcano
 11615 | Volcano  | Noticed a salamander mystic
 11623 | Volcano  | Slain by a salamander mystic

Skill      XL: |  1  2  3  4  5  6  7  8  9 10 11 |
---------------+----------------------------------+-----
Dodging        | 1 2 3 |  3.6
Axes           | 2 3 4 6 7 9 10 | 10.5
Armour         | 2 3 4 5 6 8 9 10 | 10.9
Fighting       | 4 5 6 7 8 9 |  9.6
Stealth        | 1 2 |  2.1
Throwing       | 1 |  1.0
Maces & Flails | |  0.5
Invocations    | |  2.5

Action                   |  1- 3 |  4- 6 |  7- 9 | 10-12 || total
-------------------------+-------+-------+-------+-------++-------
Melee: Hand axe          |   120 |   132 |       |       ||   252
       War axe           |       |    58 |   122 |       ||   180
       Battleaxe         |       |       |   233 |   337 ||   570
       Dire flail        |       |       |       |     7 ||     7
Throw: Tomahawk          |       |       |       |     7 ||     7
Invok: Depart the Abyss  |     1 |       |       |       ||     1
  Use: Scroll            |       |     5 |     8 |    11 ||    24
       Potion            |       |       |       |     8 ||     8
 Stab: Distracted        |       |       |     4 |     1 ||     5
  Eat: Chunk             |     2 |     5 |     9 |     8 ||    24
       Fruit             |       |     3 |     4 |    12 ||    19
Armor: Leather armour    |    26 |       |       |       ||    26
       Ring mail         |    28 |       |       |       ||    28
       Plate armour      |       |   140 |   387 |   383 ||   910
       Scale mail        |       |    19 |       |       ||    19
Dodge: Dodged            |    77 |    46 |    90 |   154 ||   367
Block: Other             |       |       |    28 |    54 ||    82
       Reflection        |       |       |       |     4 ||     4
